[Event "Titled Tuesday Blitz July 4 Late 2023"]
[White "Ganiev, Roman"]
[Black "Molenda, Marcin"]
[WhiteFideId "4131452"]
[BlackFideId "1173065"]
[WhiteElo "2623"]
[BlackElo "2498"]
[Result "0-1"]
[Round "8"]
[TimeControl "180+2"]
[Date "2023.07.04"]
[WhiteClock "0:00:11"]
[BlackClock "0:01:08"]
[Board "52"]

1. e4 c6 2. d4 d5 3. Nc3 dxe4 4. Nxe4 Bf5 5. Ng3 Bg6 6. Bc4 e6 7. N1e2 h6 8. Nf4 Bh7 9. O-O Nf6 10. c3 Be7 11. Ngh5 O-O 12. Re1 Nbd7 13. Nxf6+ Nxf6 14. Bd2 Nd5 15. Qf3 Nxf4 16. Bxf4 Bd6 17. Bg3 Qc7 18. Rad1 Bxg3 19. hxg3 Rad8 20. Re5 Bg6 21. Rde1 Rfe8 22. Qg4 Kh7 23. Qh4 Qe7 24. Qxe7 Rxe7 25. b4 Rc7 26. g4 b6 27. f4 Bc2 28. R1e2 Bd1 29. R2e3 Bxg4 30. Bd3+ g6 31. Re1 c5 32. bxc5 bxc5 33. Bf1 cxd4 34. cxd4 Rxd4 35. g3 Rd2 36. Ra5 Bf3 37. Rb1 Bd5 38. a3 Rc3 0-1


[Site "https://www.chess.com"]

[Event "Titled Tuesday Blitz July 4 Late 2023"]
[White "Toniutti, Ezio"]
[Black "Karttunen, Mika"]
[WhiteFideId "113034"]
[BlackFideId "502081"]
[WhiteElo "2495"]
[BlackElo "2610"]
[Result "1-0"]
[Round "8"]
[TimeControl "180+2"]
[Date "2023.07.04"]
[WhiteClock "0:00:55"]
[BlackClock "0:00:00"]
[Board "53"]

1. d4 Nf6 2. c4 e6 3. g3 d5 4. Bg2 dxc4 5. Nf3 Bb4+ 6. Bd2 a5 7. Qc2 O-O 8. O-O b5 9. a4 bxa4 10. Bxb4 axb4 11. Qxc4 Ba6 12. Qxb4 Bxe2 13. Re1 Bxf3 14. Bxf3 Nd5 15. Qc4 Nd7 16. Rc1 N7b6 17. Qc5 Qf6 18. Kg2 Ra7 19. Nc3 Rd8 20. Nb5 Ra5 21. b4 Raa8 22. Nxc7 Rac8 23. Nxd5 exd5 24. Qb5 Rxc1 25. Rxc1 Qxd4 26. Rd1 Qf6 27. Rc1 Nc4 28. Bxd5 Nd6 29. Qa5 Rf8 30. Bf3 Qe7 31. Qxa4 Nf5 32. b5 g6 33. b6 Qd6 34. b7 Nd4 35. Rd1 Qb6 36. Qxd4 1-0


[Site "https://www.chess.com"]

[Event "Titled Tuesday Blitz July 4 Late 2023"]
[White "Zavgorodniy, Sergiy"]
[Black "Remolar Gallen, Jose"]
[WhiteFideId "14110148"]
[BlackFideId "2215187"]
[WhiteElo "2604"]
[BlackElo "2473"]
[Result "0-1"]
[Round "8"]
[TimeControl "180+2"]
[Date "2023.07.04"]
[WhiteClock "0:00:07"]
[BlackClock "0:00:15"]
[Board "54"]

1. d4 g6 2. c4 Bg7 3. Nf3 Nf6 4. Nc3 d5 5. cxd5 Nxd5 6. e4 Nxc3 7. bxc3 c5 8. Be3 Qa5 9. Qd2 Bg4 10. Rc1 O-O 11. d5 c4 12. Nd4 Rc8 13. f3 Bd7 14. Be2 Na6 15. h4 b5 16. h5 b4 17. hxg6 hxg6 18. Bh6 bxc3 19. Rxc3 Bf6 20. Be3 Nb4 21. a3 Na2 22. Rxc4 Qxa3 23. Kf2 Nc3 24. Rxc8+ Rxc8 25. Bd3 Qb4 26. Ne2 a5 27. Rc1 a4 28. Nxc3 Bxc3 29. Qa2 a3 30. Rc2 Ba4 31. Re2 Bb3 32. Qb1 Qa4 33. Ra2 Bxa2 34. Qxa2 Qb4 35. Bc1 Bb2 36. Be3 Qc3 37. Be2 Qc2 38. d6 exd6 39. Qd5 Be5 40. f4 a2 41. fxe5 a1=Q 42. exd6 Qcb1 43. d7 Rd8 44. Kf3 Qf6+ 45. Kg3 Qb8+ 46. Kh3 Qbe5 47. Qd2 Qfe6+ 48. Bg4 Rxd7 49. Qxd7 Qxd7 50. Bxd7 Qxe4 51. Bf2 Qd3+ 52. g3 Qxd7+ 53. Kg2 Qc6+ 54. Kg1 Qd5 55. Kh2 Qc4 56. Kg1 Qe2 57. Kg2 f5 58. Kg1 g5 59. Kg2 g4 60. Kg1 Kf7 61. Kh1 Ke6 62. Kg1 Kd5 63. Kh1 Ke4 64. Kg1 Kf3 65. Kh1 Qf1+ 66. Bg1 Qg2# 0-1


[Site "https://www.chess.com"]

[Event "Titled Tuesday Blitz July 4 Late 2023"]
[White "Ladan, Nicholas"]
[Black "Janaszak, Dawid"]
[WhiteFideId "30918855"]
[BlackFideId "1119206"]
[WhiteElo "2468"]
[BlackElo "2592"]
[Result "0-1"]
[Round "8"]
[TimeControl "180+2"]
[Date "2023.07.04"]
[WhiteClock "0:00:00"]
[BlackClock "0:00:49"]
[Board "55"]

1. d4 d5 2. Nf3 c5 3. c4 e6 4. cxd5 exd5 5. Nc3 Nc6 6. e4 dxe4 7. Nxe4 cxd4 8. Bc4 Nf6 9. Neg5 Bb4+ 10. Bd2 O-O 11. O-O Bc5 12. Nxf7 Rxf7 13. Ng5 Ne5 14. Nxf7 Nxf7 15. Qb3 Qf8 16. Rfe1 b6 17. Bg5 Bf5 18. Re5 Bg6 19. Rae1 Kh8 20. Bxf6 gxf6 21. Re6 Ne5 22. f4 Nxc4 23. Qxc4 Bf7 24. f5 Bxe6 25. fxe6 d3+ 26. Kh1 d2 27. Rf1 Rd8 28. Qc2 Qd6 29. Qf5 Qe5 30. Qg4 Qe1 0-1


[Site "https://www.chess.com"]

[Event "Titled Tuesday Blitz July 4 Late 2023"]
[White "Sargsyan, Anna M."]
[Black "Nunez V, Gustavo Eduardo"]
[WhiteFideId "13308130"]
[BlackFideId "4403690"]
[WhiteElo "2588"]
[BlackElo "2462"]
[Result "1-0"]
[Round "8"]
[TimeControl "180+2"]
[Date "2023.07.04"]
[WhiteClock "0:01:45"]
[BlackClock "0:00:27"]
[Board "56"]

1. d4 Nf6 2. c4 g6 3. g3 Bg7 4. Bg2 d6 5. Nc3 O-O 6. Nf3 Nbd7 7. O-O e5 8. h3 c6 9. e4 h6 10. Re1 Re8 11. Be3 Nh7 12. Qd2 g5 13. Rad1 exd4 14. Nxd4 Ne5 15. b3 c5 16. Nf5 Bxf5 17. exf5 Bf8 18. Bxb7 Nf6 19. Bg2 Qa5 20. Nb5 Qxd2 21. Rxd2 a6 22. Nc7 Rac8 23. Nxe8 Rxe8 24. Red1 g4 25. hxg4 Nexg4 26. Bf4 Ne5 27. Kf1 Nh5 28. Bxe5 Rxe5 29. Rd5 Re8 30. Re1 Rb8 31. Be4 Nf6 32. Rd2 a5 33. Bc2 h5 34. f3 Kg7 35. Kg2 Kh6 36. f4 Ng4 37. Kf3 Kg7 38. Rh1 Nf6 39. Re1 Ng4 40. Kg2 Kf6 41. Bd1 a4 42. bxa4 Rb1 43. Re8 Be7 44. Bxg4 hxg4 45. Re2 Rb7 46. a5 d5 47. a6 Bd6 48. axb7 d4 49. b8=Q d3 50. Qxd6+ Kxf5 51. R2e5# 1-0


[Site "https://www.chess.com"]

[Event "Titled Tuesday Blitz July 4 Late 2023"]
[White "Sebag, Marie"]
[Black "Balla, Tamas-Kristof"]
[WhiteFideId "617822"]
[BlackFideId "1208497"]
[WhiteElo "2587"]
[BlackElo "2459"]
[Result "0-1"]
[Round "8"]
[TimeControl "180+2"]
[Date "2023.07.04"]
[WhiteClock "0:00:12"]
[BlackClock "0:01:32"]
[Board "57"]

1. d4 d5 2. c4 e6 3. Nc3 c5 4. cxd5 exd5 5. Nf3 Nc6 6. g3 Nf6 7. Bg2 cxd4 8. Nxd4 Bc5 9. Be3 Qb6 10. Nc2 Bxe3 11. Nxe3 d4 12. Ned5 Qa5 13. O-O dxc3 14. Nxf6+ gxf6 15. Qd6 Bd7 16. Qxf6 Qe5 17. Qh4 cxb2 18. Rad1 Rd8 19. Qc4 O-O 20. Rd5 Qg7 21. Qf4 f6 22. Qd2 f5 23. Qc2 Be6 24. Rxd8 Rxd8 25. e3 Bxa2 0-1


[Site "https://www.chess.com"]

[Event "Titled Tuesday Blitz July 4 Late 2023"]
[White "Ovchinnikov, Vsevolod"]
[Black "szachmistrz2500"]
[WhiteFideId "24176842"]
[WhiteElo "2582"]
[BlackElo "2453"]
[Result "1-0"]
[Round "8"]
[TimeControl "180+2"]
[Date "2023.07.04"]
[WhiteClock "0:00:08"]
[BlackClock "0:00:04"]
[Board "58"]

1. d4 c5 2. d5 e5 3. e4 d6 4. Nc3 g6 5. Bb5+ Nd7 6. a4 Bg7 7. h4 h6 8. h5 g5 9. g4 Ne7 10. f3 O-O 11. Nge2 a6 12. Bd3 Qc7 13. b3 Rb8 14. Ng3 f6 15. Qe2 Re8 16. Kf2 Nb6 17. a5 Na8 18. Bd2 Bd7 19. Ra2 Qd8 20. Rha1 Nc7 21. Nf1 Rf8 22. Ne3 Rf7 23. Kg2 Bf8 24. Qf1 Qe8 25. Nc4 Nc8 26. Ne2 Nb5 27. c3 Be7 28. Ng3 Bf8 29. Be1 Qd8 30. Rc2 Qe8 31. Qe2 Qd8 32. Bf2 Qe8 33. Qd2 Nba7 34. Ne3 Ne7 35. Bf1 Nb5 36. Qc1 Qd8 37. Qb2 Bc8 38. Qa2 Bd7 39. Rac1 Bc8 40. Bd3 Bd7 41. Ne2 Nc8 42. b4 Kh8 43. Nc4 Qe8 44. Nb2 Nca7 45. Ra1 Kh7 46. Na4 Rc8 47. Nb6 Rc7 48. Nxd7 Qxd7 49. Rb1 Be7 50. c4 Nd4 51. Nxd4 cxd4 52. b5 Rc5 53. Be1 Bd8 54. Bb4 Rc8 55. bxa6 bxa6 56. c5 dxc5 57. Rxc5 Rxc5 58. Bxc5 Nb5 59. Bxb5 axb5 60. a6 Qc8 61. a7 Qa8 62. Rxb5 d3 63. Rb8 1-0


[Site "https://www.chess.com"]

[Event "Titled Tuesday Blitz July 4 Late 2023"]
[White "Bueno, Alfeu Junior Varela"]
[Black "Sousa, Andre Ventura"]
[WhiteFideId "2108879"]
[BlackFideId "1917617"]
[WhiteElo "2448"]
[BlackElo "2575"]
[Result "0-1"]
[Round "8"]
[TimeControl "180+2"]
[Date "2023.07.04"]
[WhiteClock "0:00:04"]
[BlackClock "0:00:28"]
[Board "59"]

1. e4 c6 2. d4 d5 3. f3 dxe4 4. fxe4 e5 5. Nf3 Bg4 6. Bc4 Nd7 7. c3 Ngf6 8. Qb3 Bh5 9. O-O Bd6 10. Qxb7 O-O 11. Qxc6 Qe7 12. dxe5 Bc5+ 13. Kh1 Ng4 14. Bg5 Qe8 15. e6 fxe6 16. Bxe6+ Kh8 17. Bxd7 Qe5 18. Qxa8 Nf2+ 19. Rxf2 Bxf3 20. Qd5 Bxg2+ 21. Rxg2 Rf1+ 22. Rg1 Rxg1# 0-1


[Site "https://www.chess.com"]

[Event "Titled Tuesday Blitz July 4 Late 2023"]
[White "Romero Ruscalleda, Josep"]
[Black "Jovic, Stanoje"]
[WhiteFideId "2231859"]
[BlackFideId "905020"]
[WhiteElo "2440"]
[BlackElo "2572"]
[Result "1-0"]
[Round "8"]
[TimeControl "180+2"]
[Date "2023.07.04"]
[WhiteClock "0:00:02"]
[BlackClock "0:00:00"]
[Board "60"]

1. e4 c6 2. Nc3 d5 3. Nf3 Nf6 4. exd5 cxd5 5. d4 Nc6 6. Ne2 Bg4 7. c3 Bxf3 8. gxf3 e6 9. Bh3 Bd6 10. Qd3 O-O 11. Bg5 h6 12. Bh4 Be7 13. Rg1 Qc7 14. Bg3 Qa5 15. Kf1 Qa6 16. Qd2 Rfe8 17. Kg2 Na5 18. Kh1 Rac8 19. Be5 Kf8 20. b3 Nc6 21. Bf4 Ng8 22. Rg2 b5 23. Rag1 g5 24. Be3 b4 25. f4 bxc3 26. Nxc3 Bb4 27. fxg5 h5 28. g6 f5 29. Bh6+ Ke7 30. Qg5+ Kd6 31. Na4 Nxd4 32. Qxh5 Nf6 33. Qh4 Ne4 34. g7 Nf3 35. Qf4+ Ne5 36. g8=Q Rxg8 37. Rxg8 Bd2 38. Qxd2 Nxd2 39. Bxd2 Rxg8 40. Rxg8 Nd3 41. Bf1 Qc6 42. Bxd3 d4+ 43. Rg2 Qf3 44. Bf1 Qd1 45. Kg1 Qxd2 46. h4 Qxa2 47. Bc4 Qa1+ 48. Kh2 d3 49. Rg6 d2 50. Rxe6+ Kd7 51. Nc5+ Kc7 52. Re7+ Kd6 53. Rd7+ Kxc5 54. Rxd2 Qe5+ 55. Kg2 Qe4+ 56. Kf1 1-0


[Site "https://www.chess.com"]

[Event "Titled Tuesday Blitz July 4 Late 2023"]
[White "Ozates, Tuna"]
[Black "Gabdushev, Ruslan"]
[WhiteFideId "6354521"]
[BlackFideId "4137833"]
[WhiteElo "2563"]
[BlackElo "2421"]
[Result "1-0"]
[Round "8"]
[TimeControl "180+2"]
[Date "2023.07.04"]
[WhiteClock "0:01:12"]
[BlackClock "0:00:38"]
[Board "61"]

1. e4 d6 2. d4 Nf6 3. Nc3 c6 4. f4 Qa5 5. e5 dxe5 6. fxe5 Ne4 7. Bd2 Nxd2 8. Qxd2 Bf5 9. Nf3 e6 10. Bd3 g6 11. O-O Nd7 12. a3 Qb6 13. Ne4 Be7 14. Kh1 O-O-O 15. b4 h6 16. c4 g5 17. c5 Qc7 18. Nd6+ Kb8 19. Bxf5 exf5 20. Nxf5 Nf8 21. Rab1 Ne6 22. Nd6 Rhf8 23. b5 cxb5 24. Rxb5 Bxd6 25. exd6 Qc6 26. Rfb1 Nf4 27. Ne5 Qe4 28. Rxb7+ Ka8 29. Rxa7+ Kxa7 30. Qa5# 1-0


[Site "https://www.chess.com"]

[Event "Titled Tuesday Blitz July 4 Late 2023"]
[White "Bruedigam, Martin"]
[Black "Gombocz, Ferenc Jr."]
[WhiteFideId "24608033"]
[BlackFideId "775029"]
[WhiteElo "2556"]
[BlackElo "2413"]
[Result "1-0"]
[Round "8"]
[TimeControl "180+2"]
[Date "2023.07.04"]
[WhiteClock "0:01:12"]
[BlackClock "0:00:10"]
[Board "62"]

1. c4 c5 2. g3 g6 3. Bg2 Bg7 4. Nc3 Nc6 5. Bxc6 bxc6 6. f4 e6 7. Nf3 Ne7 8. b3 O-O 9. Bb2 d5 10. Na4 Bxb2 11. Nxb2 f6 12. Qc2 d4 13. Nd3 Qd6 14. Qb2 Nf5 15. Qa3 e5 16. fxe5 fxe5 17. Nfxe5 Re8 18. Nf3 Qe7 19. O-O-O Bd7 20. Rde1 a5 21. Qxc5 Qg7 22. g4 Ne7 23. h3 a4 24. Qxd4 Qf8 25. b4 Red8 26. Qc3 Be6 27. a3 Rac8 28. Rhf1 Qe8 29. Nf4 Nd5 30. Qe5 Nxf4 31. Qxf4 c5 32. b5 Qe7 33. d3 Qg7 34. Qe5 Qd7 35. Kb2 Re8 36. Qc3 Rb8 37. Nd2 Qc7 38. Ne4 Rb6 39. Nf6+ 1-0


[Site "https://www.chess.com"]

[Event "Titled Tuesday Blitz July 4 Late 2023"]
[White "Omariev, Maksim"]
[Black "ArtemDyachuk"]
[WhiteFideId "4193423"]
[WhiteElo "2439"]
[BlackElo "2555"]
[Result "0-1"]
[Round "8"]
[TimeControl "180+2"]
[Date "2023.07.04"]
[WhiteClock "0:00:00"]
[BlackClock "0:01:52"]
[Board "63"]

1. g4 g6 2. Bg2 Bg7 3. d4 c6 4. h4 d5 5. g5 Nd7 6. Nf3 Nf8 7. c3 Bg4 8. Bf4 Ne6 9. Bg3 f6 10. Qd2 Qd7 11. Na3 O-O-O 12. Nc2 h6 13. Nh2 Bf5 14. gxf6 Nxf6 15. Ne3 Ne4 16. Bxe4 Bxe4 17. f3 Bf5 18. Nxf5 gxf5 19. O-O-O c5 20. Be5 Bxe5 21. dxe5 Qa4 22. Kb1 d4 23. Qc2 Qc6 24. c4 Rhf8 25. Nf1 Nc7 26. Ng3 e6 27. f4 Qg2 28. Nh5 Na6 29. Rdg1 Qc6 30. Nf6 Nb4 31. Qd2 Rxf6 32. exf6 Qe4+ 33. Kc1 Nxa2+ 34. Kd1 Qb1+ 0-1


[Site "https://www.chess.com"]

[Event "Titled Tuesday Blitz July 4 Late 2023"]
[White "Kanyamarala, Tarun"]
[Black "Mindhunter08"]
[WhiteFideId "45004714"]
[WhiteElo "2553"]
[BlackElo "2413"]
[Result "0-1"]
[Round "8"]
[TimeControl "180+2"]
[Date "2023.07.04"]
[WhiteClock "0:01:03"]
[BlackClock "0:01:22"]
[Board "64"]

1. d4 d5 2. c4 c6 3. Nf3 Nf6 4. Qc2 dxc4 5. Qxc4 b5 6. Qc2 Bb7 7. Bg5 e6 8. e4 Be7 9. Nbd2 Nbd7 10. Bd3 h6 11. Bh4 a6 12. e5 Nd5 13. Bxe7 Qxe7 14. Ne4 O-O 15. Nd6 Rab8 16. a3 Ba8 17. b4 f6 18. O-O fxe5 19. dxe5 Rxf3 20. gxf3 Nxe5 21. Qc5 Nxd3 22. Qd4 N3f4 23. Ne4 Ne2+ 0-1


[Site "https://www.chess.com"]

[Event "Titled Tuesday Blitz July 4 Late 2023"]
[White "ElenGajger"]
[Black "AdvanceGuard4"]
[WhiteElo "2389"]
[BlackElo "2543"]
[Result "0-1"]
[Round "8"]
[TimeControl "180+2"]
[Date "2023.07.04"]
[WhiteClock "0:00:09"]
[BlackClock "0:00:19"]
[Board "65"]

1. e4 c6 2. b3 d5 3. Bb2 dxe4 4. Nc3 Nf6 5. Qe2 Nbd7 6. Nxe4 Nxe4 7. Qxe4 Nf6 8. Qh4 a5 9. Nf3 Bf5 10. d3 a4 11. bxa4 Qa5+ 12. Nd2 e6 13. a3 Be7 14. Qc4 Nd5 15. h4 Nb6 16. Qb3 Nxa4 17. Bxg7 Rg8 18. Bd4 b5 19. Be3 e5 20. d4 exd4 21. Bxd4 O-O-O 22. c3 Be6 23. Qc2 c5 24. Be3 Nxc3 25. Rc1 b4 26. axb4 cxb4 27. Bc4 Qe5 28. Bxe6+ Qxe6 29. O-O Rxg2+ 30. Kxg2 Qg4+ 31. Kh2 Qxh4+ 32. Kg2 Rg8+ 33. Kf3 Qg4# 0-1


[Site "https://www.chess.com"]

[Event "Titled Tuesday Blitz July 4 Late 2023"]
[White "Alahakoon, Isuru"]
[Black "ElDivis"]
[WhiteFideId "9900993"]
[WhiteElo "2383"]
[BlackElo "2543"]
[Result "0-1"]
[Round "8"]
[TimeControl "180+2"]
[Date "2023.07.04"]
[WhiteClock "0:00:01"]
[BlackClock "0:00:14"]
[Board "66"]

1. Nf3 d5 2. e3 Nf6 3. c4 g6 4. cxd5 Nxd5 5. e4 Nb6 6. d4 Bg7 7. Nc3 Bg4 8. Be3 Nc6 9. a4 Bxf3 10. gxf3 Bxd4 11. Bxd4 Qxd4 12. Qxd4 Nxd4 13. O-O-O Ne6 14. a5 Nd7 15. Nd5 c6 16. Ne3 O-O-O 17. a6 b6 18. b4 Kc7 19. Kb2 Ne5 20. Rc1 Nf4 21. Rc2 e6 22. Be2 Rd4 23. Kb3 Rhd8 24. Rhc1 Nxe2 25. Rxe2 Rxb4+ 26. Kxb4 Nd3+ 27. Kc3 Nxc1 28. Rc2 Nd3 29. Nc4 Nc5 30. Ne5 f6 31. Ng4 Rf8 32. Ra2 h5 33. Ne3 Rd8 34. Kc2 b5 35. Ra1 Kb6 36. Rg1 g5 37. e5 Rf8 38. exf6 Rxf6 39. Rxg5 Rxf3 40. Rxh5 Rxf2+ 41. Kc3 Rf3 42. Kd2 Ne4+ 43. Ke2 Rf2+ 44. Ke1 Ra2 45. Re5 Nc5 46. h4 Nd3+ 0-1


[Site "https://www.chess.com"]

[Event "Titled Tuesday Blitz July 4 Late 2023"]
[White "el_sporco"]
[Black "Arencibia Monduy, Antonio"]
[BlackFideId "3507939"]
[WhiteElo "2362"]
[BlackElo "2540"]
[Result "0-1"]
[Round "8"]
[TimeControl "180+2"]
[Date "2023.07.04"]
[WhiteClock "0:00:00"]
[BlackClock "0:00:07"]
[Board "67"]

1. e4 e6 2. d4 d5 3. Nc3 dxe4 4. Nxe4 Nd7 5. Nf3 Ngf6 6. Bd3 Be7 7. O-O O-O 8. c4 b6 9. Qc2 Bb7 10. b3 Nxe4 11. Bxe4 Bxe4 12. Qxe4 Nf6 13. Qe2 c5 14. Bb2 cxd4 15. Nxd4 Qc7 16. Rad1 Rfd8 17. Rfe1 Bb4 18. Nb5 Qe7 19. Rxd8+ Rxd8 20. Rd1 a6 21. Nd4 Qd6 22. Rf1 h6 23. Qf3 Bc5 24. Nc6 Rc8 25. Ne5 Rd8 26. Qb7 Nd7 27. Nc6 Re8 28. a3 a5 29. Rb1 Qd2 30. Rf1 Nf8 31. Bc1 Qc2 32. b4 axb4 33. axb4 Bd6 34. Qxb6 Qxc4 35. Na5 Qd5 36. Be3 Rb8 37. Qd4 Rxb4 0-1


[Site "https://www.chess.com"]

[Event "Titled Tuesday Blitz July 4 Late 2023"]
[White "Goltsev, Dmitry"]
[Black "Ambartsumova, Karina"]
[WhiteFideId "24176710"]
[BlackFideId "4166299"]
[WhiteElo "2803"]
[BlackElo "2540"]
[Result "0-1"]
[Round "8"]
[TimeControl "180+2"]
[Date "2023.07.04"]
[WhiteClock "0:01:23"]
[BlackClock "0:00:10"]
[Board "68"]

1. e4 e5 2. Nf3 Nc6 3. Bb5 Nf6 4. O-O Nxe4 5. d4 Nd6 6. Bxc6 dxc6 7. dxe5 Nf5 8. Qxd8+ Kxd8 9. Rd1+ Ke8 10. Bg5 Be6 11. Nc3 h6 12. Bf4 Be7 13. b3 Rd8 14. h3 Bb4 15. Ne4 Bd5 16. Nfd2 Nd4 17. c3 Ne2+ 18. Kf1 Nxc3 19. Nxc3 Bxc3 20. Rac1 Bb4 21. Nc4 Be6 22. Ke2 Rxd1 23. Rxd1 Ke7 24. Be3 Rd8 25. Rc1 a6 26. g4 b5 27. Nd2 Bd5 28. f4 f6 29. Nf3 Ba5 30. Nd4 fxe5 31. fxe5 Kd7 32. e6+ Ke7 33. Rxc6 Bxc6 34. Nxc6+ Ke8 35. Nxa5 Rd6 36. Nb7 Rxe6 37. Nc5 Rf6 38. Bd4 Rg6 39. Ke3 Ke7 40. Ke4 a5 41. Nd3 a4 42. Ne5 Ra6 43. b4 a3 44. Kd5 Rd6+ 45. Ke4 Ra6 46. h4 Ke6 47. Nd3 Rc6 48. Bxg7 Rc4+ 49. Kf3 Rc2 50. Nc5+ Kf7 51. Bd4 Rxa2 52. Na6 Rc2 53. Nc5 a2 54. Nb3 Rc4 55. Ke4 Rxb4 56. Na1 c5 57. g5 Rxd4+ 58. Kf5 hxg5 59. hxg5 Rd5+ 60. Kf4 Rd1 61. Nb3 a1=Q 0-1


[Site "https://www.chess.com"]

[Event "Titled Tuesday Blitz July 4 Late 2023"]
[White "Gardezi, Arsal"]
[Black "Katz, Alexander"]
[WhiteFideId "30949521"]
[BlackFideId "2039796"]
[WhiteElo "2246"]
[BlackElo "2651"]
[Result "0-1"]
[Round "8"]
[TimeControl "180+2"]
[Date "2023.07.04"]
[WhiteClock "0:00:16"]
[BlackClock "0:00:38"]
[Board "69"]

1. e4 e5 2. Nf3 Nc6 3. Bb5 a6 4. Ba4 Nf6 5. O-O Be7 6. Re1 b5 7. Bb3 O-O 8. h3 d6 9. c3 Na5 10. Bc2 c5 11. d4 Nc6 12. Nbd2 Re8 13. Nf1 cxd4 14. cxd4 exd4 15. Nxd4 Nxd4 16. Qxd4 Bb7 17. Bf4 Rc8 18. Bb3 Bf8 19. Ng3 g6 20. Rad1 Bg7 21. Qxd6 Qxd6 22. Rxd6 Rc6 23. Rxc6 Bxc6 24. e5 Nd5 25. Bxd5 Bxd5 26. Rd1 Bxa2 27. Ra1 Bc4 28. Rxa6 Bxe5 29. Bxe5 Rxe5 30. Rb6 Re1+ 31. Kh2 Rb1 32. Ne4 Rxb2 33. Nd6 Rxf2 34. Kg3 Rc2 35. Rb8+ Kg7 36. Rb7 Bd5 37. Rxb5 Rxg2+ 38. Kh4 g5+ 39. Kh5 Bf3# 0-1


[Site "https://www.chess.com"]

[Event "Titled Tuesday Blitz July 4 Late 2023"]
[White "Sun, Rick"]
[Black "Reprintsev, Alexander"]
[WhiteFideId "30909481"]
[BlackFideId "14100541"]
[WhiteElo "2589"]
[BlackElo "2487"]
[Result "0-1"]
[Round "8"]
[TimeControl "180+2"]
[Date "2023.07.04"]
[WhiteClock "0:00:00"]
[BlackClock "0:00:38"]
[Board "70"]

1. e4 d5 2. exd5 Qxd5 3. Nc3 Qd6 4. Nf3 Bg4 5. Be2 Nc6 6. h3 Bh5 7. Ne4 Qd5 8. Ng3 Bg6 9. O-O e5 10. d4 exd4 11. c3 O-O-O 12. cxd4 Bd6 13. Qa4 Bxg3 14. fxg3 Nxd4 15. Qxa7 Nxe2+ 16. Kh2 Nf6 17. Bf4 Nxf4 18. gxf4 b6 19. Ne5 Qb7 20. Qa4 Rd6 21. Rac1 Rhd8 22. Rf2 Ne4 23. Re2 Nc5 24. Qa3 f6 25. Nf3 Be4 26. Ne1 f5 27. Qe3 g5 28. b4 Ne6 29. fxg5 Qd5 30. Nc2 Qe5+ 31. Kh1 Nf4 32. Rf2 Nxg2 33. Rxg2 Bxg2+ 34. Kxg2 Qxe3 35. Nxe3 Rd2+ 36. Kf3 R8d3 37. Kf4 Rf2+ 38. Kg3 Re2 39. Kf4 Rdxe3 40. Kxf5 Rxh3 41. b5 Rf3+ 42. Kg4 Ra3 43. Rh1 Re7 44. Kf5 Rf3+ 45. Kg4 Rf2 46. Kg3 Rxa2 47. Rf1 Kb7 48. Kg4 Ra4+ 49. Kh5 Re5 50. Rh1 Ra5 51. Kh6 Raxb5 52. Kxh7 Rxg5 53. Kh6 Rh5+ 0-1


[Site "https://www.chess.com"]

[Event "Titled Tuesday Blitz July 4 Late 2023"]
[White "Jaskolka, Tomasz"]
[Black "Yeritsyan, Hayk"]
[WhiteFideId "1170791"]
[BlackFideId "13307320"]
[WhiteElo "2567"]
[BlackElo "2484"]
[Result "0-1"]
[Round "8"]
[TimeControl "180+2"]
[Date "2023.07.04"]
[WhiteClock "0:00:01"]
[BlackClock "0:00:06"]
[Board "71"]

1. d4 d5 2. Nc3 c6 3. Bf4 Nf6 4. e3 a6 5. Nf3 c5 6. dxc5 Bg4 7. Be2 e6 8. Na4 Nbd7 9. b4 Be7 10. O-O O-O 11. Ne5 Bxe2 12. Qxe2 Nxe5 13. Bxe5 Nd7 14. Bb2 b6 15. cxb6 Nxb6 16. Nxb6 Qxb6 17. a3 Rac8 18. Bd4 Qc6 19. Rfc1 Qb5 20. Qg4 g6 21. c3 Rc4 22. a4 Qc6 23. Qg3 Bxb4 24. h4 Bxc3 25. Bxc3 Rxc3 26. Rd1 h5 27. Qe5 Rc8 28. Kh2 Qc7 29. Qxc7 R8xc7 30. Rab1 R3c4 31. Kg3 Rxa4 32. Rb8+ Kg7 33. Re8 Rcc4 34. f4 Rc3 35. Rb1 Rxe3+ 36. Kf2 Ree4 37. Rbb8 Rxf4+ 38. Kg1 Rxh4 39. Rg8+ Kf6 40. Rb7 Rhf4 41. Rf8 Kg5 42. g3 Rf5 43. Kg2 Ra2+ 44. Kg1 Rf3 45. Rbxf7 Rxf7 46. Rxf7 Kg4 47. Kf1 Kxg3 48. Rf6 g5 49. Rxe6 g4 50. Re5 h4 51. Rxd5 h3 52. Rd3+ Kh4 53. Kg1 g3 54. Rd4+ Kg5 55. Rd5+ Kf6 56. Rd6+ Ke5 57. Rd1 a5 58. Kh1 a4 59. Re1+ Kf4 60. Rf1+ Ke3 61. Re1+ Re2 62. Ra1 Kf3 63. Rf1+ Rf2 64. Ra1 Kg4 65. Rxa4+ Rf4 66. Ra1 Kh4 67. Kg1 h2+ 68. Kg2 Rf2+ 69. Kh1 Kh3 70. Rg1 Rf1 71. Rxf1 g2# 0-1


[Site "https://www.chess.com"]

[Event "Titled Tuesday Blitz July 4 Late 2023"]
[White "a-z30"]
[Black "Czerw, Dawid"]
[BlackFideId "1145746"]
[WhiteElo "2483"]
[BlackElo "2561"]
[Result "0-1"]
[Round "8"]
[TimeControl "180+2"]
[Date "2023.07.04"]
[WhiteClock "0:00:05"]
[BlackClock "0:00:07"]
[Board "72"]

1. d3 Nf6 2. Nf3 g6 3. g3 Bg7 4. Bg2 d5 5. O-O O-O 6. c4 Nc6 7. cxd5 Nxd5 8. a3 a5 9. Qc2 e5 10. Nc3 h6 11. Nxd5 Qxd5 12. Be3 Be6 13. Ng5 Qb3 14. Qxb3 Bxb3 15. Ne4 Bd5 16. Nf6+ Bxf6 17. Bxd5 Kg7 18. Rac1 Ra6 19. Rc4 Rb8 20. Rfc1 Ne7 21. Bf3 c6 22. g4 Nc8 23. b4 Nd6 24. Rc5 a4 25. R5c2 Nb5 26. Ra2 Raa8 27. Bc5 Rd8 28. Kg2 Rd7 29. Kg3 Re8 30. h4 Kh7 31. Be3 Bg7 32. g5 h5 33. Rxc6 e4 34. Bxe4 Rxe4 35. Rc5 Re5 36. Rxe5 Bxe5+ 37. f4 Bd6 38. Kf3 Rc7 39. Bd2 Kg8 40. e3 Kf8 41. Ke4 Ke7 42. d4 Nc3+ 43. Bxc3 Rxc3 44. Kf3 Ke6 45. Ke2 Kd5 46. Kf3 Kc4 47. Ke4 Bb8 48. Rf2 Rxa3 49. f5 gxf5+ 50. Rxf5 Rb3 51. Rxf7 a3 52. g6 Rb1 53. g7 Rg1 54. Rf8 a2 55. g8=Q+ Rxg8 56. Rxg8 a1=Q 57. Rxb8 Qh1+ 58. Ke5 Qxh4 59. e4 Qe7+ 60. Kf5 Qd7+ 61. Kg6 Qd6+ 62. Kxh5 Qxb8 63. Kg4 Kxd4 64. Kf3 Qe5 65. Ke2 Qxe4+ 0-1


[Site "https://www.chess.com"]

[Event "Titled Tuesday Blitz July 4 Late 2023"]
[White "Yurovskykh, Oleksandr"]
[Black "Luong Phuong Hanh"]
[WhiteFideId "14134020"]
[BlackFideId "12401013"]
[WhiteElo "2560"]
[BlackElo "2475"]
[Result "1-0"]
[Round "8"]
[TimeControl "180+2"]
[Date "2023.07.04"]
[WhiteClock "0:00:26"]
[BlackClock "0:00:00"]
[Board "73"]

1. d4 Nf6 2. Nf3 g6 3. Bg5 Bg7 4. Nbd2 d5 5. e3 O-O 6. Be2 c5 7. c3 Qb6 8. Qb3 c4 9. Qxb6 axb6 10. a3 b5 11. O-O-O Nc6 12. Rde1 Bf5 13. Bxf6 Bxf6 14. Nb1 Na5 15. Nfd2 Rfc8 16. Bd1 e5 17. dxe5 Bxe5 18. Bc2 Bxc2 19. Kxc2 Nc6 20. Nf3 Bg7 21. Nbd2 Na5 22. Nf1 Nb3 23. Ng3 Nc5 24. Rd1 Nd3 25. Rxd3 cxd3+ 26. Kxd3 Rc4 27. Ne2 b4 28. axb4 Ra2 29. Kc2 Rc8 30. Rd1 Rd8 31. Nf4 Ra6 32. Nxd5 Kf8 33. b5 Rad6 34. c4 Rc8 35. b3 h6 36. e4 Ra8 37. Nd2 Ra2+ 38. Kd3 f5 39. g3 Re6 40. Re1 Rb2 41. b4 fxe4+ 42. Nxe4 Rxf2 43. Nf4 Re8 44. Nxg6+ Kf7 45. Nd6+ Kxg6 46. Rxe8 Rxh2 47. Nxb7 Rb2 48. Re3 Rxb4 49. Na5 Rb1 50. Ke4 Bf6 51. Nc6 Bg5 52. Rd3 Re1+ 53. Kd5 Rb1 54. Nd4 Rc1 55. b6 Be7 56. b7 1-0


[Site "https://www.chess.com"]

[Event "Titled Tuesday Blitz July 4 Late 2023"]
[White "Karas, Marek"]
[Black "D`Arruda, Ricardo D."]
[WhiteFideId "14928558"]
[BlackFideId "100692"]
[WhiteElo "2451"]
[BlackElo "2559"]
[Result "1-0"]
[Round "8"]
[TimeControl "180+2"]
[Date "2023.07.04"]
[WhiteClock "0:02:00"]
[BlackClock "0:02:10"]
[Board "74"]

1. h4 e5 2. c4 Nf6 3. Nc3 Nc6 4. e3 d5 5. cxd5 Nxd5 6. Nf3 Be6 7. Ng5 Nxc3 8. bxc3 Bf5 9. Qb3 Qd7 10. Bc4 Na5 11. Bxf7+ Ke7 12. Qa3+ Qd6 13. Qxa5 h6 14. Ba3 1-0


[Site "https://www.chess.com"]